 Dungeon Crawl Stone Soup version 0.27-a0-1242-ge70438ac7b (webtiles) character file.

Game seed: 14296891014371362659

7 Ijustatesigmund the Skirmisher (level 1, -1/18 HPs)
             Began as a Demonspawn Fighter on June 9, 2021.
             Slain by a kobold
             ... wielding a +0 short sword
              (2 damage)
             ... on level 1 of the Dungeon.
             The game lasted 00:00:21 (77 turns).

Ijustatesigmund the Skirmisher (Demonspawn Fighter)   Turns: 77, Time: 00:00:22

Health: -1/18      AC:  6    Str: 16    XL:     1   Next: 91%
Magic:  1/1        EV:  6    Int:  9    God:
Gold:   16         SH:  8    Dex: 12    Spells: 0/0 levels left

rFire    . . .     SeeInvis .   a - +0 war axe
rCold    . . .     Faith    .   c - +0 kite shield
rNeg     . . .     Spirit   .   b - +0 scale mail
rPois    .         Reflect  .   (no helmet)
rElec    .         Harm     .   (no cloak)
rCorr    .         Rampage  .   (no gloves)
Will     .....                  (no boots)
Stlth    ..........             (no amulet)
HPRegen  0.06/turn              (no ring)
MPRegen  0.07/turn              (no ring)

@: no status effects
A: no striking features
a: no special abilities


You were on level 1 of the Dungeon.
You visited 1 branch of the dungeon, and saw 1 of its levels.

You collected 16 gold pieces.

Inventory:

Hand Weapons
 a - a +0 war axe (weapon)
Armour
 b - a +0 scale mail (worn)
 c - a +0 kite shield (worn)
Potions
 d - a potion of might


   Skills:
 + Level 3.1 Fighting
 * Level 2.2 Axes
 - Level 2.6 Armour
 - Level 2.6 Shields


You couldn't memorise any spells.
You didn't know any spells.
Your spell library was empty.

Dungeon Overview and Level Annotations

Branches:
Dungeon (1/15)

Altars:


Message History

The jackal bites you but does no damage.
The jackal barely misses you. The jackal bites you.
A kobold comes into view. It is wielding a +0 short sword.
The frilled lizard bites you but does no damage.
The jackal bites you but does no damage.
The kobold shouts!
You hit the jackal.
You kill the jackal!
You closely miss the jackal. You barely miss the jackal.
You slash the frilled lizard!
You kill the frilled lizard!
The jackal barely misses you. You block the jackal's attack.
The jackal bites you.
* * * LOW HITPOINT WARNING * * *
The kobold drinks a potion.
The kobold seems to speed up.
The jackal bites you but does no damage.
You block the jackal's attack.
You closely miss the jackal.
The jackal is almost dead.
You hit the jackal but do no damage. You barely miss the kobold.
You block the jackal's attack.
The jackal bites you but does no damage.
The kobold hits you with a +0 dagger.
* * * LOW HITPOINT WARNING * * *
The jackal barely misses you. The kobold hits you but does no damage.
You block the jackal's attack.
Your shield prevents you from hitting the jackal.
The jackal is almost dead.
You hit the jackal.
You kill the jackal!
You hit the kobold but do no damage. You block the jackal's attack.
The kobold throws a stone.
The stone hits you but does no damage. The kobold barely misses you.
The jackal bites you.
* * * LOW HITPOINT WARNING * * *
The kobold hits you but does no damage.
The jackal bites you but does no damage.
You barely miss the kobold. You miss the jackal. You block the jackal's attack.
The kobold hits you but does no damage.
The kobold hits you with a +0 short sword.
You die...

#..#.#...#
#(....###.# #......
...#.### #.##
....... .#... #..#
....... ..#
##.##.......
.#########..#.......
..........#.......
#####.....#K......
#.....@K......
.........h)......
####.............
#.....#.......
#.####........ #.
........ .. ........
# ........


You could see a jackal and 2 kobolds.

Vanquished Creatures
  A goblin (D:1)
  3 jackals (D:1)
  2 frilled lizards (D:1)
  A kobold (D:1)
7 creatures vanquished.

Notes
Turn   | Place    | Note
-------+----------+-------------------------------------------
     0 | D:1      | Ijustatesigmund the Demonspawn Fighter began the quest for
                  | the Orb.
     0 | D:1      | Reached XP level 1. HP: 18/18 MP: 1/1
    77 | D:1      | Slain by a kobold

Illustrated notes

Levels and vault maps discovered:
D:1:      nicolae_arrival_washed_ashore, layout_rooms,
          shapermc_ecumenical_altar_venn, minmay_misc_feat_rugged

Skill      XL: |  1 |
---------------+----+-----
Axes           | 2 |  2.2
Fighting       | |  3.1
Armour         | |  2.6
Shields        | |  2.6

Action                   || total
-------------------------++-------
Melee: War axe           ||    11
Armor: Scale mail        ||    21
Dodge: Dodged            ||    10
Block: Kite shield       ||    16

Table legend: (Time is in decaauts)
 A = Elapsed time spent in this place.
 B = Non-inter-level travel time spent in this place.
 C = Inter-level travel time spent in this place.
 D = Time resting spent in this place.
 E = Time spent auto-exploring this place.
 F = Levels seen in this place.
 G = Mean time per level.
                   A        B        C        D        E       F      G
               +--------+--------+--------+--------+--------+-----+--------+
         Total |     83 |     83 |      0 |      0 |     61 |   1 |   83.0 |
       Dungeon |     83 |     83 |      0 |      0 |     61 |   1 |   83.0 |
               +--------+--------+--------+--------+--------+-----+--------+

Top non-repeatable levels by time:
     D:1: 83 daAuts
